 Dungeon Crawl Stone Soup version 0.28.0-53-g5a82cb258f (webtiles) character file.

Game seed: 15912434874374224123

41 pkoi the Insei (level 3, 0/43 HPs)
             Began as a Demigod Gladiator on June 6, 2022.
             Slain by Natasha (6 damage)
             ... on level 2 of the Dungeon.
             The game lasted 00:01:41 (1814 turns).

pkoi the Insei (Demigod Gladiator)                  Turns: 1814, Time: 00:01:42

Health: 0/43       AC:  6    Str: 15    XL:     3   Next: 16%
Magic:  5/5        EV: 11    Int: 14    God:
Gold:   41         SH:  0    Dex: 15    Spells: 2/2 levels left

rFire   . . .      SeeInvis .     - Unarmed
rCold   . . .      Faith    .   (no shield)
rNeg    . . .      Spirit   .   g - +0 ring mail
rPois   .          Reflect  .   b - +0 helmet
rElec   .          Harm     .   (no cloak)
rCorr   .          Rampage  .   (no gloves)
Will    .....                   (no boots)
Stlth   ..........              (no amulet)
HPRegen 0.14/turn               (no ring)
MPRegen 0.09/turn               (no ring)

@: berserking, slowed
A: high MP 1, forlorn, divine attributes
a: no special abilities


You were on level 2 of the Dungeon.
You visited 1 branch of the dungeon, and saw 2 of its levels.

You collected 41 gold pieces.

Inventory:

Hand Weapons
 d - a +0 dagger
 e - a +0 dagger
 f - a +0 whip
 i - a +0 whip
Missiles
 c - 3 throwing nets (quivered)
 j - 3 javelins
Armour
 a - a +0 leather armour
 b - a +0 helmet (worn)
 g - a +0 ring mail (worn)
Potions
 k - a potion of haste {unknown}
 l - a potion of brilliance {unknown}
 m - a potion of lignification {unknown}


   Skills:
 - Level 1.7 Fighting
 - Level 1.7 Throwing
 - Level 2.6 Dodging
 + Level 4.0 Unarmed Combat


You had 2 spell levels left.
You didn't know any spells.
Your spell library was empty.

Dungeon Overview and Level Annotations

Branches:
Dungeon (2/15)

Annotations:
D:1 1 runed translucent door
D:2 Natasha


Innate Abilities, Weirdness & Mutations

You have an increased reservoir of magic. (+10% MP)
You shall have no god before yourself.
Your divine heritage dramatically boosts your attributes as you level up.


Message History

Natasha stares at you and mumbles some strange words.
The magic dart hits you.
Natasha is nearby!
Natasha mewls in sadness.
Natasha casts a spell at you.
You feel yourself slow down.
Unknown command.
You see here 6 bolts.
You start resting.
Natasha is nearby!
Throw: 3 throwing nets
Press: ? - help, Q - select action, (/) - cycle Shift-Dir - straight line, f - Natasha
Aim: Natasha (50% to hit)
Okay, then.
Unknown command.
Unknown command.
Throw: 4 javelins
Press: ? - help, Shift-Dir - straight line, f - Natasha
Aim: Natasha (50% to hit)
You throw a javelin. The javelin closely misses Natasha.
Natasha claws you.
* * * LOW HITPOINT WARNING * * *
Unknown command.
You barely miss Natasha.
Natasha casts a spell.
Natasha claws you.
* * * LOW HITPOINT WARNING * * *
You barely miss Natasha. Natasha claws you!
* * * LOW HITPOINT WARNING * * *
You barely miss Natasha. Natasha barely misses you.
You hit Natasha.
Natasha is moderately wounded.
Natasha barely misses you. Natasha claws you.
* * * LOW HITPOINT WARNING * * *
Unknown command.
You aren't carrying any items that you can evoke.
It was a potion of berserk rage.
A red film seems to cover your vision as you go berserk!
You feel yourself moving faster!
You feel mighty! Natasha claws you.
You die...

#.# ##.##... #...#
##...#... #.#.#
####.......# #.#.#
#........... #.#.#
#.##.......# #h#.#
#.###...#..# #.#.#
#.# ##.##... #.#.#
#.# #......
#.#@#####.########..
#5h.......##.......#
##...........#######
#...######### #####


You could see Natasha and a crimson imp (summoned).

Vanquished Creatures
  A dart slug (D:1)
  4 endoplasms (D:1)
  2 giant cockroaches (D:1)
  2 goblins (D:1)
  3 hobgoblins
  4 jackals (D:1)
  A quokka (D:1)
  4 ball pythons (D:1)
  3 bats (D:1)
  3 frilled lizards (D:1)
  5 kobolds
  2 rats
34 creatures vanquished.

Notes
Turn   | Place    | Note
-------+----------+-------------------------------------------
     0 | D:1      | pkoi the Demigod Gladiator began the quest for the Orb.
     0 | D:1      | Reached XP level 1. HP: 17/17 MP: 3/3
     1 | D:1      | Found a runed translucent door.
    58 | D:1      | Reached skill level 3 in Unarmed Combat
   454 | D:1      | Reached XP level 2. HP: 24/24 MP: 4/4
  1376 | D:1      | Reached XP level 3. HP: 22/29 MP: 5/5
  1575 | D:1      | Reached skill level 4 in Unarmed Combat
  1802 | D:2      | Noticed Natasha
  1814 | D:2      | Slain by Natasha

Illustrated notes

Levels and vault maps discovered:
D:1:      dpeg_arrival_caged_fury, layout_loops_ring
D:2:      layout_loops_ring, minmay_cupped, uniq_natasha

Skill      XL: |  1  2  3 |
---------------+----------+-----
Unarmed Combat | 3 4 |  4.0
Fighting       | |  1.7
Throwing       | |  1.7
Dodging        | |  2.6

Action                   || total
-------------------------++-------
Melee: Unarmed           ||   121
       Punch             ||     4
Throw: Javelin           ||     1
  Use: Potion            ||     1
Armor: Leather armour    ||    15
       Ring mail         ||    32
Dodge: Dodged            ||    86
